 Dungeon Crawl Stone Soup version 0.29-a0-330-g52719c12eb (webtiles) character file.

Game seed: 2363615436095058403

25 Imaybeofimportance the Skirmisher (level 3, 33/33 HPs)
             Began as a Hill Orc Fighter on Apr 26, 2022.
             Quit the game on level 1 of the Dungeon on July 7, 2022.
             The game lasted 00:06:43 (1187 turns).

Imaybeofimportance the Skirmisher (HOFi)            Turns: 1187, Time: 00:06:43

Health: 33/33      AC:  8    Str: 20    XL:     3   Next: 6%
Magic:  3/3        EV:  9    Int:  8    God:
Gold:   870        SH:  4    Dex: 10    Spells: 2/2 levels left

rFire   . . .      SeeInvis .   a - +0 war axe
rCold   . . .      Faith    .   c - +0 buckler
rNeg    . . .      Spirit   .   b - +2 scale mail
rPois   .          Reflect  .   (no helmet)
rElec   .          Harm     .   (no cloak)
rCorr   .          Rampage  .   (no gloves)
Will    .....                   (no boots)
Stlth   ..........              (no amulet)
HPRegen 0.11/turn               (no ring)
MPRegen 0.08/turn               (no ring)

@: no status effects
A: no striking features
a: no special abilities


You were on level 1 of the Dungeon.
You visited 1 branch of the dungeon, and saw 1 of its levels.

You collected 870 gold pieces.

Inventory:

Hand Weapons
 a - a +0 war axe (weapon)
Missiles
 g - 40 stones (quivered)
Armour
 b - a +2 scale mail (worn)
 c - a +0 buckler (worn)
Potions
 d - a potion of might
 e - a potion of resistance
 f - a potion of attraction {unknown}
 h - a potion of flight {unknown}
 i - a potion of mutation {unknown}


   Skills:
 + Level 3.9 Fighting
 + Level 3.2 Axes
 + Level 3.6 Armour
 + Level 3.7 Shields


You had 2 spell levels left.
You didn't know any spells.
Your spell library contained the following spells:

 Spells                   Type           Power      Damage    Failure   Level
 Shock                    Conj/Air       0%         1d3       85%         1
 Swiftness                Air            0%         N/A       99%         3
 Airstrike                Air            0%         N/A       100%        4


Dungeon Overview and Level Annotations

Branches:
Dungeon (1/15)

Altars:

Shops:
D:1 (


Message History

Found a stone staircase leading down.
Things that are here:
a rat corpse; a giant cockroach corpse
Things that are here:
a rat corpse; a giant cockroach corpse You see here a +0 whip.
There is an escape hatch in the floor here.
You see here a +0 dagger.
A bat comes into view.
The bat hits you but does no damage. The bat hits you but does no damage.
You closely miss the bat. The bat hits you but does no damage. x2
The bat hits you. The bat closely misses you. The bat barely misses you.
Done exploring.
Done exploring.
Done exploring.
Welcome back, Imaybeofimportance the Hill Orc Fighter.
Press ? for a list of commands and other information.
Welcome back, Imaybeofimportance the Hill Orc Fighter.
Press ? for a list of commands and other information.
Welcome back, Imaybeofimportance the Hill Orc Fighter.
Press ? for a list of commands and other information.
Welcome back, Imaybeofimportance the Hill Orc Fighter.
Press ? for a list of commands and other information.
Welcome back, Imaybeofimportance the Hill Orc Fighter.
Press ? for a list of commands and other information.
Welcome back, Imaybeofimportance the Hill Orc Fighter.
Press ? for a list of commands and other information.
Unknown command.
Unknown command.
A bat is nearby!
Unknown command.
Unknown command.
Unknown command.
Unknown command.
Okay, then.
Unknown command.
Are you sure you want to abandon this character and quit the game? (Confirm with "yes".)

#.# ######.......# #.#
#.......#.##.#### #.#
#.(.............#
##############.......####..#.#
............#####..........#.#
..#######.......###..##......#
##.......###......##.##.##.###
............###....#.......#
..#######......#@..####.#### ###
###b....#...# #.# # ##....#...#
#.# # ##....#...# #.# ###
###.....#...# #.# #####
.(#######......#...####.#####....
........)...###....#...........##
##.......###......####.#####.....
..#######.......### #.##........


You could see a bat.

Vanquished Creatures
  2 ball pythons (D:1)
  4 endoplasms (D:1)
  A giant cockroach (D:1)
  A goblin (D:1)
  3 hobgoblins (D:1)
  2 quokkas (D:1)
  A bat (D:1)
  2 frilled lizards (D:1)
  3 kobolds (D:1)
  3 rats (D:1)
22 creatures vanquished.

Notes
Turn   | Place    | Note
-------+----------+-------------------------------------------
     0 | D:1      | Imaybeofimportance the Hill Orc Fighter began the quest for
                  | the Orb.
     0 | D:1      | Reached XP level 1. HP: 19/19 MP: 1/1
   440 | D:1      | Found Howacaug's Weapon Shoppe.
   499 | D:1      | Reached XP level 2. HP: 18/27 MP: 2/2
   830 | D:1      | Identified a scroll of acquirement
   830 | D:1      | Acquired 824 gold pieces
   986 | D:1      | Reached XP level 3. HP: 33/33 MP: 3/3
  1187 | D:1      | Quit the game

Illustrated notes

Levels and vault maps discovered:
D:1:      dpeg_arrival_oval, layout_loops_cross, serial_shops, shop,
          minmay_tetromino_o4

Skill      XL: |  1  2 |
---------------+-------+-----
Axes           | 3 |  3.2
Fighting       | |  3.9
Armour         | |  3.6
Shields        | |  3.7

Action                   || total
-------------------------++-------
Melee: War axe           ||    62
  Use: Scroll            ||     5
Armor: Scale mail        ||    28
Dodge: Dodged            ||    27
Block: Buckler           ||    11

Table legend: (Time is in decaauts)
 A = Elapsed time spent in this place.
 B = Non-inter-level travel time spent in this place.
 C = Inter-level travel time spent in this place.
 D = Time resting spent in this place.
 E = Time spent auto-exploring this place.
 F = Levels seen in this place.
 G = Mean time per level.
                   A        B        C        D        E       F      G
               +--------+--------+--------+--------+--------+-----+--------+
         Total |   1211 |   1210 |      1 |    283 |    710 |   1 | 1211.0 |
       Dungeon |   1211 |   1210 |      1 |    283 |    710 |   1 | 1211.0 |
               +--------+--------+--------+--------+--------+-----+--------+

Top non-repeatable levels by time:
     D:1: 1211 daAuts
